 Dungeon Crawl Stone Soup version 0.18-a0-1045-g4e042de (webtiles) character file.

37 Grimpse the Covered (level 3, -6/23 HPs)
             Began as a Gargoyle Fighter on Jan 12, 2016.
             Mangled by Sigmund
             ... wielding a cursed +0 scythe
              (10 damage)
             ... on level 2 of the Dungeon.
             The game lasted 00:00:57 (1053 turns).

Grimpse the Covered (Gargoyle Fighter)              Turns: 1053, Time: 00:00:57

Health: -6/23      AC: 10    Str: 20    XL:     3   Next: 39%
Magic:  3/3        EV:  7    Int:  8    God:
Gold:   33         SH:  9    Dex:  9    Spells: 0 memorised, 2 levels left

rFire  . . .     SeeInvis .     a - +0 flail
rCold  . . .     Gourm    .     b - +0 scale mail
rNeg   + . .     Faith    .     c - +0 shield
rPois  ∞         Spirit   .     (no helmet)
rElec  +         Dismiss  .     (no cloak)
rCorr  .         Reflect  .     (no gloves)
SustAt .         Harm     .     (no boots)
MR     .....                    (no amulet)
Stlth  ..........               (no ring)
                                (no ring)

@: not resistant to hostile enchantments, extremely unstealthy
A: negative energy resistance 1, electricity resistance, unbreathing,
petrification resistance, rot immunity, AC +3
a: no special abilities


You were on level 2 of the Dungeon.
You were hungry.

You visited 1 branch of the dungeon, and saw 2 of its levels.

You collected 33 gold pieces.

Inventory:

Hand Weapons
 a - a +0 flail (weapon)
Armour
 b - a +0 scale mail (worn)
 c - a +0 shield (worn)
Scrolls
 e - a scroll of fear {unknown}
 k - a scroll of noise {unknown}
 l - a scroll of magic mapping {unknown}
Potions
 d - a potion of might
 g - 2 potions of curing {unknown}
 h - a potion of brilliance {unknown}
 i - a potion of heal wounds {unknown}
Comestibles
 f - 2 bread rations
 j - a slice of pizza


   Skills:
 + Level 3.5 Fighting
 + Level 2.2 Maces & Flails
 + Level 3.8 Armour
 + Level 0.8 Dodging
 + Level 3.7 Shields


You had 2 spell levels left.
You didn't know any spells.

Dungeon Overview and Level Annotations

Branches:
Dungeon (2/15)

Altars:
The Shining One

Annotations:
D:2 Sigmund


Innate Abilities, Weirdness & Mutations

You are resistant to torment.
Your stone body is resilient (AC +3).
You are immune to poison.
You resist negative energy.
You are resistant to electric shocks.
You can survive without breathing.
You are immune to petrification.
You are immune to rotting.


Message History

Sigmund casts a spell.
Sigmund flickers and vanishes!
Deactivating autopickup; reactivate with Ctrl-A.
The bat hits you but does no damage.
You hear some strange, mumbled words.
Something tries to affect you, but you resist.
You closely miss something. The bat hits you but does no damage.
The bat closely misses you. Something hits you but does no damage.
You barely miss something. The bat hits you but does no damage.
Something hits you but does no damage.
You hit something but do no damage. The bat barely misses you.
You block the bat's attack. The bat hits you but does no damage.
Something hits you but does no damage.
You barely miss something. The bat hits you. Something hits you.
* * * LOW HITPOINT WARNING * * *
You closely miss something. The bat hits you but does no damage.
You hit something. The bat hits you.
* * * LOW HITPOINT WARNING * * *
Something hits you!
You die...

#....# #.####
#.# ### #####
#.# ...
.....##.##.####
#..†........
#.....#.###.
#...b.#.#
#...@{..#
#.....#.....
.........#####.
#.........#
..........#
#.........#
#.........#
######.....


You could see a bat.

Vanquished Creatures
  An adder (D:2)
  An ooze (D:1)
  A worm (D:2)
  A giant cockroach (D:1)
  A goblin (D:2)
  3 hobgoblins (D:1)
  3 bats (D:1)
  3 giant newts
  3 kobolds (D:1)
  5 rats
22 creatures vanquished.

Notes
Turn   | Place    | Note
--------------------------------------------------------------
     0 | D:1      | Grimpse the Gargoyle Fighter began the quest for the Orb.
     0 | D:1      | Reached XP level 1. HP: 14/14 MP: 1/1
   321 | D:1      | Reached XP level 2. HP: 19/19 MP: 2/2
   909 | D:2      | Reached XP level 3. HP: 20/23 MP: 3/3
   961 | D:2      | Found a glowing golden altar of the Shining One.
  1035 | D:2      | Noticed Sigmund
  1053 | D:2      | Mangled by Sigmund

Vault maps used:
D:1:      zaba_arrival_water
D:2:      tso_oasis_becter, ecumenical_altar_2, minmay_misc_feat_encased,
          uniq_sigmund

Action                   || total
-------------------------++-------
Melee: Flail             ||    95
